 Seeded DCSS version 0.29-a0-617-g7a6b98fccd (webtiles) character file.

Game seed: 16082249642278480031 (custom seed)

2014 zeratav the Tainter (level 9, -2/66 HPs)
             Began as an Octopode Venom Mage on June 17, 2022.
             Killed by divine providence
             ... invoked by an orc priest
              (8 damage)
             ... on level 7 of the Dungeon.
             The game lasted 00:16:19 (8031 turns).

zeratav the Tainter (Octopode Venom Mage)           Turns: 8031, Time: 00:16:20

Health: -2/66      AC:  8    Str:  8    XL:     9   Next: 22%
Magic:  12/18      EV: 14    Int: 21    God:
Gold:   385        SH:  5    Dex: 12    Spells: 11/20 levels left

rFire   x . .      SeeInvis .   (weapon currently unavailable)
rCold   + + +      Faith    .   (shield currently unavailable)
rNeg    . . .      Spirit   .   (helmet currently unavailable)
rPois   +          Reflect  +   d - amulet of reflection
rElec   .          Harm     .   b - ring of protection from cold
rCorr   .          Rampage  .   D - ring of protection from cold
Will    .....                   H - +4 ring of evasion
Stlth   +++.......              (no ring)
HPRegen 0.21/turn               (no ring)
MPRegen 0.16/turn               (no ring)
                                (no ring)
                                (no ring)

@: ice-form
A: freezing attack, boosted hp, almost no armour, amphibious, 8 rings, large,
(camouflage 1), (gelatinous body 1), (nimble swimmer 1), (tentacles)
a: End Transformation


You were on level 7 of the Dungeon.
You were a creature of crystalline ice.
You visited 1 branch of the dungeon, and saw 7 of its levels.
You also visited: Sewer.

You collected 385 gold pieces.


Innate Abilities, Weirdness & Mutations

You are a creature of crystalline ice.
You have a powerful freezing melee attack.
Your maximum health is increased.
Your armour is entirely melded.
You are incapable of wielding weapons or throwing items.
You cannot wear most types of armour.
You are amphibious.
You can wear up to eight rings at the same time.
((Your skin changes colour to match your surroundings (Stealth+).))
((Your rubbery body absorbs attacks. (AC +1, EV +1)))
((You are camouflaged when in or above water. (Stealth+)))
((You have tentacles for arms and can constrict up to eight enemies at once.))


   Skills:
 + Level 2.8 Fighting
 - Level 2.0 Dodging
 - Level 5.0 Stealth
 - Level 6.0 Spellcasting
 + Level 3.1 Transmutations
 - Level 6.0 Ice Magic
 - Level 8.0 Poison Magic


You had 11 spell levels left.
You knew the following spells:

 Your Spells              Type           Power      Damage    Failure   Level
a - Sting                 Tmut/Pois      100%       1d8       1%          1
b - Olgreb's Toxic Radia  Pois           39%        N/A       3%          4
c - Ice Form              Ice/Tmut       25%        N/A       16%         4

Your spell library contained the following spells:

 Spells                   Type           Power      Damage    Failure   Level
 Poisonous Vapours        Pois/Air       46%        N/A       2%          2
 Frozen Ramparts          Ice            62%        1d8       2%          3
 Ensorcelled Hibernation  Hex/Ice        36%        N/A       4%          2
 Passwall                 Tmut/Erth      10%        N/A       8%          2
 Mephitic Cloud           Conj/Pois/Air  17%        N/A       10%         3
 Blink                    Tloc           12%        N/A       14%         2
 Gell's Gravitas          Tloc           6%         N/A       28%         3
 Swiftness                Air            6%         N/A       28%         3
 Teleport Other           Tloc           6%         N/A       28%         3
 Summon Ice Beast         Ice/Summ       18%        N/A       28%         4
 Manifold Assault         Tloc           6%         N/A       95%         5
 Dispersal                Tloc           3%         N/A       100%        6
 Storm Form               Tmut/Air       6%         N/A       100%        7

Inventory:

Hand Weapons
 h - a +2 dagger of electrocution {short}
   (You took it off a kobold on level 2 of the Dungeon)
 n - the +8 falchion "Xakhetepp" (melded) {spect, rPois, long}
   (You found it on level 3 of the Dungeon)

   When its wielder attacks, the weapon's spirit leaps out and strikes again.
   The spirit shares a part of any damage it takes with its wielder.
   rPois:     It protects you from poison.
 u - a +0 demon whip of electrocution {mace}
   (You found it on level 4 of the Dungeon)
Jewellery
 b - a ring of protection from cold (left front paw)
   (You took it off a hobgoblin on level 2 of the Dungeon)
 d - an amulet of reflection (around neck)
   (You found it on level 1 of the Dungeon)
 D - a ring of protection from cold (right front paw)
   (You found it on level 6 of the Dungeon)
 H - a +4 ring of evasion (on tentacle)
   (You found it on level 7 of the Dungeon)
Wands
 j - a wand of light (3)
   (You took it off Jessica on level 2 of the Dungeon)
 l - a wand of flame (28)
   (You took it off Terence on level 2 of the Dungeon)
 A - a wand of iceblast (11)
   (You found it on level 6 of the Dungeon)
 B - a wand of charming (3)
   (You found it on level 5 of the Dungeon)
 G - a wand of polymorph (13)
   (You took it off Grinder on level 6 of the Dungeon)
Scrolls
 f - a scroll of enchant weapon
 i - 5 scrolls of poison {!r}
 o - a scroll of blinking {!r}
 p - 2 scrolls of silence {!r}
 q - 2 scrolls of amnesia
 s - 4 scrolls of teleportation {@r4}
 v - a scroll of vulnerability {!r!r}
 w - 2 scrolls of enchant armour
 y - a scroll of fear {unknown}
 F - a scroll of magic mapping {unknown}
Potions
 a - a potion of magic
 c - 4 potions of curing {@q1}
 e - a potion of resistance {unknown}
 g - a potion of brilliance {unknown}
 k - a potion of haste {unknown}
 m - a potion of lignification {unknown}
 r - a potion of attraction {unknown}
 t - a potion of mutation {unknown}
 x - a potion of invisibility {unknown}
 z - a potion of berserk rage {!q}
 C - a potion of ambrosia {unknown}
 E - a potion of flight {unknown}

Dungeon Overview and Level Annotations

Branches:
Dungeon (7/15) Zot: 26679   Sewer (visited)
 Temple: D:4-7

Altars:
Dithmenos
Fedhas
Nemelex Xobeh
Trog

Shops:
D:3 :   D:5 [

Annotations:
D:6 3 runed translucent doors, DocClef's ghost, weakling DrDe; Dordric's ghost, novice DjCj

.......$....### #.Sh#
.# #. ###.## #.###..
.o. .......
...#.<.....
##......... ##....####
#############...#.....
#......Y...o.S....#...
#..........h........##
#.....................
#<......)....(...(....
#................)....
#.............)..)....
#.....................
#####.................
##.............#..


You could see a water moccasin, a hound and an orc priest.


Message History

You struggle to resist.
The phantom hits you.
The phantom blinks!
You blink.
A water moccasin and a hound come into view.
HP[-5] MP[-3]
You take 5 damage, and now have 59/66 hp.
You lost 3 mp, and now have 13/18 mp.
You hit the phantom.
The hound barks!
The hound is poisoned.
Your toxic aura wanes.
The water moccasin hisses angrily.
The phantom barely misses you.
HP[+1]
You hit the phantom. The hound barely misses you.
The phantom hits you but does no damage.
You barely miss the phantom. The hound bites you.
The phantom hits you but does no damage.
HP[-3]
You take 3 damage, and now have 57/66 hp.
You hit the phantom but do no damage. You block the hound's attack.
The hound barely misses you. The phantom hits you.
HP[-1]
You take 1 damage, and now have 56/66 hp.
You hit the phantom. The hound bites you but does no damage.
The water moccasin bites you but does no damage.
The phantom closely misses you.
You barely miss the phantom. The hound bites you but does no damage.
The water moccasin closely misses you. The hound misses you.
The water moccasin bites you.
You are poisoned.
The water moccasin poisons you! The phantom closely misses you.
HP[-3] MP[+1]
You take 3 damage, and now have 53/66 hp.
You hit the phantom.
You feel very sick.
The hound looks more healthy.
You block the hound's attack. The water moccasin barely misses you.
The phantom hits you.
HP[-8]
You take 8 damage, and now have 45/66 hp.
You hit the phantom but do no damage.
You feel sick. The hound misses you. The water moccasin misses you.
The hound misses you. The water moccasin bites you. The phantom hits you.
* * * LOW HITPOINT WARNING * * *
HP[-13]
You take 13 damage, and now have 32/66 hp.
You hit the phantom but do no damage.
You feel sick. The hound closely misses you.
You block the water moccasin's attack. The phantom barely misses you.
HP[-2]
You take 2 damage, and now have 30/66 hp.
You barely miss the phantom.
You feel sick. You block the hound's attack.
The water moccasin bites you but does no damage.
The hound bites you.
* * * LOW HITPOINT WARNING * * *
You block the phantom's attack.
HP[-5]
You take 5 damage, and now have 25/66 hp.
You punch the phantom!
You destroy the phantom!
You feel sick. The water moccasin barely misses you. The hound bites you.
* * * LOW HITPOINT WARNING * * *
The water moccasin barely misses you.
Your Transmutations skill increases to level 3!
HP[-5]
You take 5 damage, and now have 20/66 hp.
You hit the orc priest but do no damage.
You feel sick. The hound closely misses you.
The water moccasin barely misses you. The hound barely misses you.
The orc priest calls down the wrath of Beogh upon you.
Beogh smites you!
* * * LOW HITPOINT WARNING * * *
HP[-11] MP[+1]
You take 11 damage, and now have 9/66 hp.
Casting: Olgreb's Toxic Radiance (dangerous; 3% risk of failure)
Confirm with . or Enter, or press ? or * to list all spells.
You extend your transformation's duration.
You feel sick. You block the water moccasin's attack.
The hound bites you but does no damage.
The orc priest begins to cast a cantrip, but forgets the words!
The water moccasin bites you but does no damage.
HP[-1] MP[-4]
You take 1 damage, and now have 8/66 hp.
You lost 4 mp, and now have 11/18 mp.
You feel better. The hound closely misses you.
The water moccasin closely misses you. You block the hound's attack.
The orc priest mumbles some strange prayers to Beogh against you.
Beogh smites you!
* * * LOW HITPOINT WARNING * * *
HP[-4]
You take 4 damage, and now have 4/66 hp.
Blink to where?
Press: ? - help, Q - select action, (/) - cycle Dir - move target
As you read the scroll of blinking {!r}, it crumbles to dust.
HP[+1]
An orc warrior comes into view. It is wielding a +0 scimitar.
MP[+1] HP[+1]
The orc priest mumbles some strange prayers to Beogh against you.
Beogh smites you!
You die...

Skill      XL: |  1  2  3  4  5  6  7  8  9 |
---------------+----------------------------+-----
Stealth        | 3 4 5 |  5.0
Poison Magic   | 4 5 6 8 |  8.0
Spellcasting   | 3 5 6 |  6.0
Ice Magic      | 6 |  6.0
Fighting       | 2 |  2.8
Transmutations | 3 |  3.1
Dodging        | |  2.0

Action                   |  1- 3 |  4- 6 |  7- 9 || total
-------------------------+-------+-------+-------++-------
Melee: Unarmed           |     2 |       |    28 ||    30
       Whip              |    35 |     4 |       ||    39
       Constrict         |     9 |    21 |    10 ||    40
       Tentacles         |     7 |    17 |     9 ||    33
       Dagger            |       |    20 |       ||    20
       Falchion          |       |    42 |    41 ||    83
       Punch             |       |     2 |       ||     2
 Cast: Sting             |    51 |    12 |       ||    63
       Olgreb's Toxic Ra |       |       |    20 ||    20
       Ice Form          |       |       |     3 ||     3
Evoke: Wand              |       |     3 |     3 ||     6
  Use: Scroll            |     1 |     4 |     5 ||    10
       Potion            |       |       |     1 ||     1
 Stab: Sleeping          |     1 |    14 |     5 ||    20
       Distracted        |       |       |     1 ||     1
Armor: Skin              |     4 |     3 |    15 ||    22
Dodge: Dodged            |    30 |    30 |    50 ||   110
Block: Other             |     4 |     8 |    19 ||    31
       Reflection        |       |       |     5 ||     5

Levels and vault maps discovered:
D:1:      dpeg_arrival_boxes_within_box, layout_basic, amcnicky_mini_pool_small
D:2:      layout_rooms, uniq_jessica, uniq_terence
D:3:      layout_basic, lightli_temple_of_fire,
          ebering_ecumenical_altar_sacrificial, serial_shops, shop
D:4:      layout_cave_pods
D:5:      layout_basic, serial_shops, kennysheep_mini_moat, gup_sewer_entry_pipe
D:6:      layout_cave_pods, chequers_temple_overflow_minitemple,
          gammafunk_ghost_cemetery, st_stairs_7, uniq_edmund, uniq_grinder
D:7:      layout_rooms, chei_slow_surprise, makhleb_grotto_becter,
          minmay_temple_entry_junction, serial_shops, nicolae_stop_n_shop_2

Notes
Turn   | Place    | Note
-------+----------+-------------------------------------------
     0 | D:1      | zeratav the Octopode Venom Mage began the quest for the
                  | Orb.
     0 | D:1      | Reached XP level 1. HP: 11/11 MP: 3/3
     0 | D:1      | magus.rc [v1.9.6]
   106 | D:1      | Reached skill level 3 in Stealth
   293 | D:1      | Reached XP level 2. HP: 10/17 MP: 3/5
   608 | D:1      | Reached skill level 4 in Stealth
  1075 | D:1      | Reached XP level 3. HP: 21/21 MP: 2/6
  1263 | D:1      | Reached skill level 5 in Stealth
  1765 | D:2      | Reached skill level 4 in Poison Magic
  1987 | D:2      | You pick up a book of Rime and begin reading...
  1987 | D:2      | You add the spells Frozen Ramparts, Ice Form and Summon Ice
                  | Beast to your library.
  2087 | D:2      | Reached XP level 4. HP: 19/27 MP: 4/7
  2270 | D:2      | Noticed Terence
  2985 | D:2      | Noticed Jessica
  2988 | D:2      | Killed Jessica
  3069 | D:2      | Killed Terence
  3070 | D:2      | Reached skill level 5 in Poison Magic
  3070 | D:2      | Reached XP level 5. HP: 22/31 MP: 5/9
  3292 | D:3      | Identified the +8 falchion "Xakhetepp" {spect, rPois}
  3423 | D:3      | You add the spells Blink, Manifold Assault and Storm Form
                  | to your library.
  3446 | D:3      | You add the spells Gell's Gravitas, Teleport Other and
                  | Dispersal to your library.
  3484 | D:3      | Found Veti's Book Emporium.
  3525 | D:3      | Found a faded altar of an unknown god.
  4036 | D:3      | Found a bloodstained altar of Trog.
  4344 | D:4      | Reached skill level 6 in Poison Magic
  4712 | D:4      | Reached XP level 6. HP: 36/36 MP: 10/10
  4911 | D:5      | Entered Level 5 of the Dungeon
  4939 | D:4      | Learned a level 4 spell: Olgreb's Toxic Radiance
  5039 | D:5      | Reached skill level 7 in Poison Magic
  5051 | D:5      | Found a glowing drain.
  5091 | Sewer    | Entered a sewer
  5124 | Sewer    | Noticed Pargi
  5131 | Sewer    | Killed Pargi
  5286 | D:5      | Noticed a water moccasin
  5291 | D:5      | Killed a water moccasin
  5292 | D:5      | Reached skill level 8 in Poison Magic
  5292 | D:5      | Reached skill level 3 in Spellcasting
  5292 | D:5      | Reached XP level 7. HP: 41/41 MP: 10/12
  5445 | D:5      | Reached skill level 4 in Spellcasting
  5530 | D:5      | Reached skill level 5 in Spellcasting
  5659 | D:5      | Found Xisus's Armour Boutique.
  5846 | D:5      | Reached XP level 8. HP: 42/46 MP: 16/16
  6229 | D:6      | Reached skill level 6 in Spellcasting
  6237 | D:6      | Reached skill level 1 in Ice Magic
  6328 | D:6      | Reached skill level 2 in Ice Magic
  6421 | D:6      | Reached skill level 3 in Ice Magic
  6589 | D:6      | Found a runed translucent gate.
  6589 | D:6      | Found a runed translucent gate.
  6589 | D:6      | Found a runed translucent gate.
  6593 | D:6      | Noticed Dordric's ghost (novice DjCj)
  6593 | D:6      | Noticed DocClef's ghost (weakling DrDe)
  6674 | D:6      | Reached skill level 4 in Ice Magic
  6853 | D:6      | Reached skill level 5 in Ice Magic
  7155 | D:6      | Found a shadowy altar of Dithmenos.
  7155 | D:6      | Found a blossoming altar of Fedhas.
  7159 | D:6      | Noticed Edmund
  7168 | D:6      | Found a faded altar of an unknown god.
  7182 | D:6      | Killed Edmund
  7183 | D:6      | Reached skill level 6 in Ice Magic
  7183 | D:6      | Reached XP level 9. HP: 25/52 MP: 3/18
  7343 | D:6      | Found a sparkling altar of Nemelex Xobeh.
  7345 | D:6      | Found a faded altar of an unknown god.
  7392 | D:6      | Reached skill level 1 in Fighting
  7482 | D:6      | You pick up a book of Burglary and begin reading...
  7482 | D:6      | You add the spells Passwall, Ensorcelled Hibernation and
                  | Swiftness to your library.
  7548 | D:6      | Noticed Grinder
  7552 | D:6      | Killed Grinder
  7553 | D:6      | Reached skill level 2 in Fighting
  7553 | D:6      | Reached skill level 2 in Transmutations
  7681 | D:6      | Learned a level 4 spell: Ice Form
  8021 | D:7      | Reached skill level 3 in Transmutations
  8021 | D:7      | HP: 9/66 [orc priest/divine providence (10)]
  8023 | D:7      | HP: 4/66 [orc priest/divine providence (10)]
  8031 | D:7      | Killed from afar by an orc priest

Vanquished Creatures
  Grinder (D:6)
  Edmund (D:6)
  2 water moccasins
  A sky beast (D:6)
  Pargi (Sewer)
  2 ice beasts
  An ogre (D:5)
  A phantom (D:7)
  2 centaurs
  2 bullfrogs (D:6)
  A scorpion (D:5)
  A necrophage (D:5)
  3 wights (D:6)
  2 hounds (D:4)
  A jelly (D:5)
  Jessica (D:2)
  4 iguanas
  Terence (D:2)
  An orc wizard (D:4)
  2 adders (D:2)
  2 white imps
  An ufetubus (D:5)
  3 worms
  6 dart slugs
  9 orcs
  3 ball pythons
  5 endoplasms
  6 giant cockroaches
  5 goblins
  9 hobgoblins
  4 jackals (D:1)
  6 quokkas
  8 bats
  A frilled lizard (D:1)
  11 kobolds
  5 rats
115 creatures vanquished.

Vanquished Creatures (others)
  6 withered plants (D:6)
6 creatures vanquished.

Grand Total: 121 creatures vanquished

Table legend:
 A = Non-vault XP
 B = Vault XP
 C = Vault XP percentage of total XP
 D = Non-vault monster count
 E = Vault monster count
 F = Vault count percentage of total count
                 A         B        C        D         E       F
            +---------+---------+-------+---------+---------+-------
      Total |    2111 |     767 |  26.7 |     101 |      14 |  12.2
            +---------+---------+-------+---------+---------+-------
        D:1 |      47 |       0 |   0.0 |      26 |       0 |   0.0
        D:2 |      61 |      73 |  54.5 |      18 |       2 |  10.0
        D:3 |      21 |       0 |   0.0 |      10 |       0 |   0.0
        D:4 |     156 |       0 |   0.0 |      16 |       0 |   0.0
        D:5 |     770 |      12 |   1.5 |      13 |       6 |  31.6
        D:6 |     820 |     547 |  40.0 |      12 |       3 |  20.0
        D:7 |     236 |       0 |   0.0 |       6 |       0 |   0.0
      Sewer |       0 |     135 | 100.0 |       0 |       3 | 100.0
            +---------+---------+-------+---------+---------+-------

Illustrated notes

Table legend:
 A = Kills in this place as a percentage of kills in entire the game.
 B = Kills by you in this place as a percentage of kills by you in the entire game.
 C = Kills by friends in this place as a percentage of kills by friends in the entire game.
 D = Other kills in this place as a percentage of other kills in the entire game.
 E = Experience gained in this place as a percentage of experience gained in the entire game.
 F = Experience gained in this place divided by the number of levels of this place that you have seen.
                   A       B       C       D       E      F
               +-------+-------+-------+-------+-------+----------------------
         Total | 100.0 | 100.0 |   N/A |   N/A | 100.0 | 359.8
       Dungeon |  97.4 |  97.4 |   N/A |   N/A |  95.3 | 391.9
         Sewer |   2.6 |   2.6 |   N/A |   N/A |   4.7 | 135.0
               +-------+-------+-------+-------+-------+----------------------

Table legend: (Time is in decaauts)
 A = Elapsed time spent in this place.
 B = Non-inter-level travel time spent in this place.
 C = Inter-level travel time spent in this place.
 D = Time resting spent in this place.
 E = Time spent auto-exploring this place.
 F = Levels seen in this place.
 G = Mean time per level.
                   A        B        C        D        E       F      G
               +--------+--------+--------+--------+--------+-----+--------+
         Total |   8057 |   7834 |    223 |   2163 |   4005 |   8 | 1007.1 |
       Dungeon |   7900 |   7677 |    223 |   2155 |   3918 |   7 | 1128.6 |
         Sewer |    157 |    157 |      0 |      8 |     87 |   1 |  157.0 |
               +--------+--------+--------+--------+--------+-----+--------+

Top non-repeatable levels by time:
     D:1: 2149 daAuts
     D:6: 1620 daAuts
     D:5: 1130 daAuts
     D:2: 1095 daAuts
     D:4: 883 daAuts
     D:3: 831 daAuts
     D:7: 190 daAuts
   Sewer: 157 daAuts
